Map: 2000 Atmospheres LE

Players

PureLegacy

  • Race: Terran Terran

TriGGeR - Winner!

  • Race: Protoss Protoss

Event: DreamHack SC2 Masters 2021 Winter

VOD

Have the link to the VOD?

Description

Time

  • Played on: Oct. 8, 2021, 4:45 p.m.
  • Length: 10:05

All games in this series

Show
View Real Time Build Order
Export as new Build Order

PureLegacy Terran 

Build Orders: Reaper Expand 

Get SALT Encoding   

  12  0:00  SCV  
  13  0:12  SCV  
  14  0:17  Supply Depot  
  14  0:24  SCV  
  15  0:38  SCV  
  15  0:39  Barracks  
  16  0:43  Refinery  
  16  0:50  SCV  
  17  1:02  SCV  
  18  1:15  SCV  
  19  1:27  Reaper, Orbital Command  
  20  1:42  Command Center  
  20  1:48  Supply Depot  
  20  1:53  SCV  
  21  1:59  Marine  
  22  2:05  SCV  
  23  2:08  Factory  
  23  2:17  SCV  
  23  2:18  Bunker  
  23  2:21  Barracks Reactor  
  24  2:26  Refinery  
  24  2:29  SCV  
  25  2:41  SCV  
  25  2:53  SCV  
  25  2:55  Starport  
  25  2:57  Orbital Command  
  26  2:58  Marine  
  26  2:59  Marine  
  26  3:01  Hellion  
  30  3:06  SCV  
  31  3:16  Marine x2  
  31  3:17  Supply Depot  
  31  3:18  SCV  
  34  3:23  SCV  
  35  3:30  Hellion, SCV  
  38  3:34  Medivac  
  38  3:35  SCV  
  38  3:38  Marine x2  
  43  3:43  Supply Depot, SCV  
  43  3:47  SCV  
  45  3:52  Hellion  
  47  3:56  Marine x2  
  47  3:58  SCV  
  47  3:59  SCV  
  51  4:04  Starport Tech Lab  
  51  4:06  Supply Depot  
  51  4:10  SCV  
  51  4:11  SCV  
  51  4:14  Factory Tech Lab, Marine x2  
  55  4:22  Raven, Barracks x2  
  55  4:24  SCV  
  58  4:26  SCV  
  58  4:30  Refinery  
  59  4:36  SCV, Engineering Bay  
  59  4:37  Marine x2  
  58  4:47  SCV  
  58  4:50  Siege Tank  
  58  4:52  SCV  
  59  4:54  Refinery  
  59  4:55  Marine x2  
  59  4:59  SCV  
  62  5:02  Supply Depot  
  62  5:04  SCV  
  63  5:11  SCV  
  63  5:12  Marine  
  63  5:13  Marine  
  66  5:16  Terran Infantry Weapons Level 1, SCV  
  66  5:17  Stimpack  
  66  5:19  Marine  
  68  5:21  Starport Reactor  
  68  5:23  SCV  
  68  5:24  Combat Shield  
  68  5:25  Supply Depot  
  68  5:28  Marine  
  70  5:30  SCV, Marine  
  70  5:31  Marine  
  70  5:34  Supply Depot  
  73  5:39  Marauder  
  75  5:44  Factory Reactor  
  75  5:46  Marine  
  76  5:50  Marine x2  
  76  5:55  Command Center  
  78  5:57  Supply Depot  
  78  6:00  Marauder  
  78  6:01  SCV x2  
  78  6:03  Medivac x2  
  88  6:04  Marauder  
  88  6:09  Supply Depot  
  87  6:13  SCV x2, Marine  
  87  6:14  Marine  
  91  6:20  Supply Depot  
  91  6:22  Widow Mine x2  
  91  6:25  Marauder x2  
  99  6:27  SCV x2  
  101  6:36  Marine x2  
  101  6:37  Medivac x2  
  107  6:43  Supply Depot, Concussive Shells  
  107  6:46  Marauder  
  109  6:48  Marauder  
  109  6:49  Widow Mine x2  
  115  6:55  Supply Depot, Marine x2  
  116  7:12  Marauder  
  116  7:13  Marauder, Marine x2  
  113  7:18  Medivac x2  
  117  7:28  Barracks  
  117  7:29  Barracks  
  117  7:31  Terran Infantry Armor Level 1  
  117  7:32  SCV x2  
  117  7:34  Marauder x2  
  120  7:45  Marine  
  120  7:46  Marine  
  120  7:47  Orbital Command  
  120  7:49  SCV x2  
  124  7:55  Marauder x2  
  124  7:57  Viking x2  
  132  8:03  SCV x2  
  131  8:06  Supply Depot  
  116  8:16  Marauder  
  116  8:17  Marauder, Barracks Reactor  
  116  8:18  Marine x4  
  116  8:19  Barracks Tech Lab, SCV x2  
  126  8:21  SCV, Refinery  
  126  8:25  Bunker  
  123  8:29  Medivac x2  
  123  8:33  Ghost Academy  
  125  8:35  Supply Depot  
  125  8:36  Missile Turret  
  125  8:38  Marauder x2  
  124  8:46  Marauder  
  120  8:50  Marine x4  
  106  8:59  Marauder x2  
Show
View Real Time Build Order
Export as new Build Order

TriGGeR Protoss - Winner!

Build Orders: 1 Gate Expand, Blink Stalkers, Colossus Rush 

Get SALT Encoding   

  12  0:00  Probe  
  13  0:12  Probe  
  14  0:16  Pylon  
  14  0:24  Probe (Chrono Boost)  
  16  0:36  Gateway  
  16  0:37  Probe (Chrono Boost)  
  16  0:43  Probe (Chrono Boost)  
  16  0:45  Assimilator  
  17  0:51  Probe  
  18  1:03  Probe  
  19  1:15  Probe  
  20  1:23  Cybernetics Core  
  20  1:31  Nexus  
  20  1:34  Probe  
  21  1:42  Pylon  
  21  1:46  Probe  
  22  1:52  Assimilator  
  22  1:57  Adept (Chrono Boost)  
  22  1:58  Probe  
  25  2:02  Warp Gate  
  25  2:11  Probe  
  26  2:19  Stalker (Chrono Boost)  
  28  2:23  Probe  
  29  2:35  Probe  
  29  2:36  Twilight Council  
  30  2:43  Stalker  
  32  2:48  Probe (Chrono Boost)  
  34  2:52  Probe (Chrono Boost)  
  34  2:57  Probe (Chrono Boost)  
  35  3:01  Probe (Chrono Boost)  
  35  3:02  Probe (Chrono Boost)  
  35  3:03  Gateway  
  35  3:05  Blink (Chrono Boost)  
  37  3:11  Probe  
  38  3:14  Probe  
  39  3:23  Probe  
  39  3:26  Probe  
  39  3:35  Robotics Facility, Probe  
  39  3:39  Assimilator, Probe  
  41  3:47  Probe  
  42  3:51  Probe  
  42  3:52  Nexus  
  42  3:54  Pylon  
  43  3:56  Stalker  
  45  4:05  Probe  
  45  4:08  Pylon  
  46  4:10  Assimilator  
  46  4:12  Stalker, Probe  
  49  4:17  Probe  
  49  4:21  Pylon  
  49  4:23  Observer  
  51  4:24  Probe  
  51  4:26  Stalker  
  51  4:29  Probe  
  55  4:37  Stalker, Shield Battery  
  57  4:39  Probe  
  57  4:45  Probe  
  59  4:50  Stalker  
  59  4:51  Observer, Probe (Chrono Boost)  
  63  4:59  Robotics Bay  
  64  5:00  Forge  
  64  5:01  Probe (Chrono Boost)  
  64  5:02  Pylon  
  64  5:04  Probe (Chrono Boost)  
  64  5:05  Observer  
  66  5:08  Probe (Chrono Boost)  
  66  5:10  Observer  
  66  5:13  Observer, Probe (Chrono Boost), Pylon  
  69  5:14  Observer, Probe (Chrono Boost)  
  69  5:15  Probe (Chrono Boost)  
  69  5:18  Shield Battery  
  69  5:19  Probe (Chrono Boost)  
  69  5:20  Probe (Chrono Boost)  
  69  5:21  Probe  
  72  5:24  Shield Battery  
  73  5:30  Probe  
  73  5:33  Probe, Protoss Ground Weapons Level 1  
  73  5:34  Charge  
  75  5:38  Probe  
  76  5:43  Colossus (Chrono Boost)  
  76  5:47  Gateway  
  76  5:48  Gateway  
  76  5:49  Observer  
  82  5:51  Extended Thermal Lance  
  82  5:55  Gateway  
  82  5:57  Gateway  
  82  6:01  Pylon  
  82  6:03  Observer  
  82  6:04  Pylon  
  82  6:18  Gateway  
  82  6:19  Sentry  
  82  6:20  Probe x2, Sentry  
  82  6:21  Probe  
  82  6:22  Gateway  
  82  6:23  Assimilator  
  89  6:25  Pylon  
  89  6:29  Pylon  
  89  6:31  Colossus (Chrono Boost)  
  89  6:39  Photon Cannon  
  95  6:44  Zealot x4  
  103  6:50  Stalker  
  103  6:51  Stalker  
  106  7:04  Zealot x4  
  108  7:12  Colossus (Chrono Boost)  
  108  7:18  Stalker x2  
  108  7:19  Zealot x2  
  108  7:22  Pylon  
  122  7:24  Pylon  
  122  7:26  Stalker  
  122  7:27  Stalker x3  
  130  7:34  Probe x2  
  130  7:36  Assimilator  
  132  7:47  Zealot x4  
  140  7:55  Warp Prism (Chrono Boost), Pylon  
  140  7:56  Pylon  
  140  7:58  Templar Archives  
  142  8:09  Zealot x4  
  146  8:13  Observer  
  146  8:14  Stalker x4  
  150  8:28  Probe x2  
  150  8:32  Zealot x2  
  150  8:33  Zealot x2  
  140  8:51  Zealot x4  

Tags
 
Add a new tag
Caveats
  • Supply blocks, unpowered buildings, or Contaminate may cause inaccurate times.
  • Supply counts are checked every 10 seconds.